AoeStats
← [CCMP] Lopez

Arabia

509723919Analyzed
3v3 RM · 4d ago on Sep 27, 2026· 41m 50s· 6 players
Game mode
Random Map
Map size
Normal (6 player)
Population
200
Speed
Normal
Resources
Standard
Victory
Conquest
Starting age
Dark Age
Ending age
Imperial Age
RankedLock teamsTeams togetherTeam positionsShared explorationLock speedFull tech treeHidden civsTurbo modeCheats
Victory
Defeat
🇨🇴 Vikings · Colombia
1174
+15
🇮🇪 Vietnamese · Ireland
1137
+16
🇨🇴 Franks · Colombia
1012
+21
🇦🇷 Italians · Argentina
1301
-24
🇦🇷 Franks · Argentina
1129
-17
🇦🇷 Hindustanis · Argentina
975
-11
[CCMP] Caliche
7:01 Loom
9:43 Feudal Age
10:02 Man-at-Arms
12:27 Double-Bit Axe
15:44 Fletching
23:00 Castle Age
23:04 Crossbowman
23:45 Padded Archer Armor
24:27 Bodkin Arrow
24:48 Leather Archer Armor
25:56 Town Watch
27:15 Horse Collar
32:07 Forging
32:03 Scale Barding Armor
35:39 Imperial Age
36:01 Arbalester
36:43 Bracer
37:14 Ring Archer Armor
40:23 Chemistry
40:43 Ballistics
41:34 Conscription
[CCMP] Lopez
0:45 Loom
11:34 Feudal Age
16:07 Castle Age
14:09 Double-Bit Axe
15:35 Scale Barding Armor
15:41 Forging
17:04 Wheelbarrow
17:12 Bow Saw
17:35 Husbandry
21:21 Hand Cart
24:43 Chain Barding Armor
25:09 Town Watch
27:33 Pikeman
28:13 Squires
28:57 Iron Casting
29:56 Gold Mining
29:56 Stone Mining
31:12 Town Patrol
31:52 Ballistics
31:44 Masonry
34:56 Caravan
39:30 Imperial Age
41:55 Plate Barding Armor
42:21 Blast Furnace
[CCMP] Diekrak
6:46 Loom
9:24 Feudal Age
10:32 Double-Bit Axe
16:10 Horse Collar
20:02 Wheelbarrow
22:24 Castle Age
20:24 Fletching
23:14 Gold Mining
22:53 Crossbowman
23:39 Thumb Ring
24:08 Bodkin Arrow
33:06 Bow Saw
33:46 Stone Mining
36:12 Ballistics
40:13 Imperial Age
38:00 Padded Archer Armor
39:32 Hand Cart
39:35 Heavy Plow
40:47 Elite Rattan Archer
Mono
6:49 Loom
9:15 Feudal Age
10:28 Double-Bit Axe
20:23 Castle Age
18:36 Fletching
19:28 Gold Mining
19:21 Horse Collar
21:27 Bodkin Arrow
22:22 Wheelbarrow
21:12 Crossbowman
23:22 Bow Saw
24:33 Padded Archer Armor
24:11 Elite Skirmisher
25:40 Bloodlines
26:11 Scale Barding Armor
27:28 Chain Barding Armor
30:36 Hand Cart
35:24 Stone Mining
39:02 Imperial Age
38:33 Thumb Ring
40:18 Conscription
39:51 Elite Genoese Crossbowman
Bicicletero
7:52 Loom
10:08 Feudal Age
10:35 Double-Bit Axe
17:54 Castle Age
15:55 Horse Collar
17:04 Forging
17:48 Bloodlines
18:03 Gold Mining
18:21 Scale Barding Armor
19:45 Bow Saw
21:24 Iron Casting
22:46 Wheelbarrow
22:58 Husbandry
24:50 Chain Barding Armor
25:15 Hand Cart
27:17 Stone Mining
31:47 Gold Shaft Mining
34:18 Imperial Age
35:54 Plate Barding Armor
37:25 Stone Shaft Mining
38:47 Ballistics
38:37 Heavy Camel Rider
zeta
11:34 Feudal Age
10:09 Loom
14:14 Wheelbarrow
18:23 Scale Barding Armor
Connection lost

Rejoining the realm…

Still unreachable

The connection could not be restored.

Session expired

The server has moved on; the page needs a fresh start.